AoeStats
← lbaquino21

Arabian Desert

510135581Analyzed
1v1 RM · 1d ago on Sep 29, 2026· 38m 40s· 2 players
Game mode
Random Map
Map size
Tiny (2 player)
Population
200
Speed
Normal
Resources
Standard
Victory
Conquest
Starting age
Dark Age
Ending age
Imperial Age
RankedLock teamsTeams togetherTeam positionsShared explorationLock speedFull tech treeHidden civsTurbo modeCheats
Victory
Defeat
🇨🇭 Chinese · Switzerland
514
+24
🇧🇷 Teutons · Brazil
437
-13
lbaquino21
7:24 Loom
11:27 Feudal Age
12:02 Double-Bit Axe
12:11 Horse Collar
14:46 Wheelbarrow
18:52 Castle Age
18:30 Gold Mining
18:32 Stone Mining
21:53 Hand Cart
27:39 Bloodlines
BigBelgian
12:28 Feudal Age
11:49 Loom
12:59 Double-Bit Axe
14:16 Wheelbarrow
14:21 Horse Collar
16:48 Stone Mining
19:27 Scale Barding Armor
19:34 Forging
20:21 Gold Mining
21:46 Bloodlines
27:44 Castle Age
29:46 Hand Cart
29:34 Heavy Plow
29:47 Bow Saw
30:15 Gold Shaft Mining
30:18 Stone Shaft Mining
31:50 Light Cavalry
33:43 Fletching
34:28 Iron Casting
34:14 Chain Barding Armor
36:07 Ballistics
35:50 Bodkin Arrow
Connection lost

Rejoining the realm…

Still unreachable

The connection could not be restored.

Session expired

The server has moved on; the page needs a fresh start.